 Dungeon Crawl Stone Soup version 0.31-a0-435-g2c6fae2916 (webtiles) character file.

Game seed: 16627890024734783300

281 ragingrage the Shooter (level 6, 0/41 HPs)
             Began as an Octopode Hunter on Aug 2, 2023.
             Was an Initiate of Fedhas.
             Slain by a gnoll
             ... wielding a +0 scythe
              (8 damage)
             ... on level 4 of the Dungeon.
             The game lasted 00:03:27 (2901 turns).

ragingrage the Shooter (Octopode Hunter)            Turns: 2901, Time: 00:03:27

Health: 0/41       AC:  1    Str: 10    XL:     6   Next: 27%
Magic:  6/6        EV: 13    Int: 12    God:    Fedhas [......]
Gold:   127        SH:  0    Dex: 17    Spells: 5/5 levels left

rFire   . . .        a - +2 shortbow
rCold   . . .        (shield currently unavailable)
rNeg    . . .        (helmet restricted)
rPois   .            (no amulet)
rElec   .            (no ring)
rCorr   .            (no ring)
SInv    .            (no ring)
Will    .....        (no ring)
Stlth   +++          (no ring)
HPRegen 0.26/turn    (no ring)
MPRegen 0.10/turn    (no ring)
                     (no ring)

%: no passive effects
@: no status effects
A: almost no armour, amphibious, 8 rings, camouflage 1, gelatinous body 1,
(nimble swimmer 1), tentacles
a: Renounce Religion


You were on level 4 of the Dungeon.
You worshipped Fedhas.
Fedhas was noncommittal.
You visited 2 branches of the dungeon, and saw 5 of its levels.

You collected 127 gold pieces.

Inventory:

Hand Weapons
 a - a +2 shortbow (weapon)
Missiles
 p - 4 poisoned darts
Scrolls
 c - a scroll of blinking
 d - 2 scrolls of identify
Potions
 k - a potion of haste
 o - a potion of brilliance {unknown}


   Skills:
 - Level 2.4 Fighting
 + Level 6.8 Ranged Weapons
 - Level 2.3 Dodging
 - Level 3.0 Stealth


You had 5 spell levels left.
You didn't know any spells.
Your spell library contained the following spells:

 Spells                   Type           Power      Damage    Failure   Level
 Magic Dart               Conj           0%         1d3       32%         1
 Summon Small Mammal      Summ           0%         N/A       32%         1
 Call Imp                 Summ           0%         N/A       45%         2
 Call Canine Familiar     Summ           0%         N/A       69%         3
 Mephitic Cloud           Conj/Pois/Air  0%         N/A       69%         3
 Summon Guardian Golem    Hex/Summ       0%         N/A       69%         3


Dungeon Overview and Level Annotations

Branches:
Dungeon (4/15)             Temple (1/1) D:4

Altars:
Ashenzari
Dithmenos
Elyvilon
Fedhas
Gozag
Hepliaklqana
Kikubaaqudgha
Makhleb
Nemelex Xobeh
Okawaru
Qazlal
Trog
Uskayaw
Vehumet
Wu Jian
Yredelemnul
The Shining One

Shops:
D:3 :

Annotations:
D:1 1 runed translucent door
D:4 Sigmund


Innate Abilities, Weirdness & Mutations

You cannot wear most types of armour.
You are amphibious.
You can wear up to eight rings at the same time.
Your skin changes colour to match your surroundings (Stealth+).
Your rubbery body absorbs attacks. (AC +1, EV +1)
((You are camouflaged when in or above water. (Stealth+)))
You have tentacles for arms and can constrict up to eight enemies at once.


Message History

Fire: a) +2 shortbow
Press: ? - help, Q - select action, (/) - cycle Shift-Dir - straight line, f/p - gnoll
Aim: a gnoll, wielding a +0 scythe and wearing a +0 robe (heavily wounded, 69% to hit)
You shoot an arrow. The arrow hits the gnoll.
The gnoll hits you from afar with a +0 scythe!
Fire: a) +2 shortbow
Press: ? - help, Q - select action, (/) - cycle Shift-Dir - straight line, f/p - gnoll
Aim: a gnoll, wielding a +0 scythe and wearing a +0 robe (almost dead, 69% to hit)
You shoot an arrow. The arrow closely misses the gnoll.
The gnoll barely misses you.
Fire: a) +2 shortbow
Press: ? - help, Q - select action, (/) - cycle Shift-Dir - straight line, f/p - gnoll
Aim: a gnoll, wielding a +0 scythe and wearing a +0 robe (almost dead, 69% to hit)
You shoot an arrow.
The arrow hits the gnoll but does no damage.
The gnoll closely misses you.
Fire: a) +2 shortbow
Press: ? - help, Q - select action, (/) - cycle Shift-Dir - straight line, f/p - gnoll
Aim: a gnoll, wielding a +0 scythe and wearing a +0 robe (almost dead, 69% to hit)
You shoot an arrow. The arrow closely misses the gnoll.
The gnoll closely misses you.
Fire: a) +2 shortbow
Press: ? - help, Q - select action, (/) - cycle Shift-Dir - straight line, f/p - gnoll
Aim: a gnoll, wielding a +0 scythe and wearing a +0 robe (almost dead, 69% to hit)
You shoot an arrow. The arrow barely misses the gnoll.
The gnoll hits you from afar with a +0 scythe!
Fire: a) +2 shortbow
Press: ? - help, Q - select action, (/) - cycle Shift-Dir - straight line, f/p - gnoll
Aim: a gnoll, wielding a +0 scythe and wearing a +0 robe (almost dead, 69% to hit)
You shoot an arrow. The arrow completely misses the gnoll.
The gnoll hits you from afar with a +0 scythe!
* * * LOW HITPOINT WARNING * * *
Fire: a) +2 shortbow
Press: ? - help, Q - select action, (/) - cycle Shift-Dir - straight line, f/p - gnoll
Aim: a gnoll, wielding a +0 scythe and wearing a +0 robe (almost dead, 69% to hit)
You shoot an arrow.
The arrow hits the gnoll but does no damage.
The gnoll hits you from afar with a +0 scythe!
You die...
Fedhas appreciates your contribution to the ecosystem.

#.###.. .....#.........#
# #.# ######..⌠...⌠..# #
###'######............
..#..........#.......[.#
.'..........##.##.##.##
#.....................
#..g.[.......####.###'
#............ #.##..
#....@....... #.##..
#............ #.##..
#............ #.....
#............ #.####
#............ #...#
#..........). #.#.##
#............ #.@...
############# ###.## #<#


You could see a gnoll.

Vanquished Creatures
  A phantom (D:3)
  2 hounds (D:4)
  2 iguanas (D:4)
  A gnoll (D:4)
  4 adders
  A dart slug (D:4)
  6 endoplasms
  3 giant cockroaches
  4 goblins
  3 hobgoblins (D:3)
  5 kobolds
  7 ball pythons
  7 bats
  5 frilled lizards
  2 rats
53 creatures vanquished.

Notes
Turn   | Place    | Note
-------+----------+-------------------------------------------
     0 | D:1      | ragingrage the Octopode Hunter began the quest for the Orb.
     0 | D:1      | Reached XP level 1. HP: 14/14 MP: 1/1
     1 | D:1      | Found a runed translucent door.
    94 | D:1      | Found a faded altar of an unknown god.
   138 | D:1      | Reached XP level 2. HP: 16/19 MP: 2/2
   451 | D:2      | Reached XP level 3. HP: 25/25 MP: 3/3
   933 | D:3      | Found Ruotio's Book Shoppe.
   977 | D:3      | Found a stormy altar of Qazlal.
  1093 | D:3      | Reached XP level 4. HP: 30/30 MP: 4/4
  1587 | D:4      | Noticed a phantom
  1647 | D:4      | Found a staircase to the Ecumenical Temple.
  1662 | Temple   | Entered the Ecumenical Temple
  1669 | Temple   | Became a worshipper of Fedhas Madash
  1703 | D:4      | Found a burning altar of Makhleb.
  1703 | D:4      | Found an opulent altar of Gozag.
  1704 | D:4      | Found a hazy altar of Hepliaklqana.
  1755 | D:4      | Reached skill level 5 in Ranged Weapons
  1758 | D:4      | Reached XP level 5. HP: 8/35 MP: 5/5
  1799 | D:4      | Reached skill level 6 in Ranged Weapons
  2185 | D:4      | Noticed Sigmund
  2389 | D:4      | Noticed an ogre
  2522 | D:3      | Killed a phantom
  2523 | D:3      | Reached XP level 6. HP: 16/41 MP: 6/6
  2901 | D:4      | Slain by a gnoll

Illustrated notes

Levels and vault maps discovered:
D:1:      dpeg_arrival_caged_fury, layout_rooms, basic_ecumenical_altar
D:2:      layout_rooms
D:3:      layout_loops_ring, mainiacjoe_overflow_cross_hatched, serial_shops,
          shop_fountains, serial_forest, infiniplex_forest_lined_ring,
          infiniplex_forest_lined_1, infiniplex_forest_lined_1,
          infiniplex_forest_zigzag_1
D:4:      cheibrodos_old_hovel, layout_basic, chei_slow_surprise,
          chequers_temple_overflow_statue_of_worship,
          minmay_temple_entry_large_hall, palyth_stone_intersect, sigmund_army
Temple:   nicolae_temple_ecumenical_triangle

Skill      XL: |  1  2  3  4  5 |
---------------+----------------+-----
Stealth        | 2 3 |  3.0
Ranged Weapons | 5 6 |  6.8
Fighting       | |  2.4
Dodging        | |  2.3

Action                     |  1- 3 |  4- 6 || total
---------------------------+-------+-------++-------
   Fire: Shortbow          |    69 |   124 ||   193
    Use: Scroll            |       |    10 ||    10
         Potion            |       |     3 ||     3
 Armour: Skin              |     4 |     2 ||     6
  Dodge: Dodged            |    12 |    64 ||    76

Table legend: (Time is in decaauts)
 A = Elapsed time spent in this place.
 B = Non-inter-level travel time spent in this place.
 C = Inter-level travel time spent in this place.
 D = Time resting spent in this place.
 E = Time spent auto-exploring this place.
 F = Levels seen in this place.
 G = Mean time per level.
                   A        B        C        D        E       F      G
               +--------+--------+--------+--------+--------+-----+--------+
         Total |   2916 |   2591 |    325 |    713 |   1437 |   5 |  583.2 |
       Dungeon |   2901 |   2589 |    312 |    713 |   1437 |   4 |  725.2 |
        Temple |     14 |      1 |     13 |      0 |      0 |   1 |   14.0 |
               +--------+--------+--------+--------+--------+-----+--------+

Top non-repeatable levels by time:
     D:3: 1480 daAuts
     D:4: 599 daAuts
     D:1: 453 daAuts
     D:2: 368 daAuts
  Temple: 14 daAuts
